 Dungeon Crawl Stone Soup version 0.26-a0-6-g448add79b7 (webtiles) character file.

Game seed: 3806862790256113132, levelgen mode: deterministic

1260 Essalna the Firebug (level 8, -2/57 HPs)
             Began as a Hill Orc Fire Elementalist on May 24, 2020.
             Shot with an arrow by a centaur (14 damage)
             ... on level 7 of the Dungeon.
             The game lasted 00:16:40 (6576 turns).

Essalna the Firebug (Hill Orc Fire Elementalist)    Turns: 6576, Time: 00:16:40

Health: -2/57      AC:  3    Str: 11    XL:     8   Next: 52%
Magic:  8/14       EV: 12    Int: 17    God:
Gold:   267        SH:  0    Dex: 11    Spells: 8/16 levels left

rFire    . . .     SeeInvis .   g - +3 dagger (venom)
rCold    . . .     Gourm    .   (no shield)
rNeg     + . .     Faith    .   o - +0 robe {rN+}
rPois    .         Spirit   .   k - +0 helmet
rElec    .         Reflect  .   (no cloak)
rCorr    +         Harm     .   (no gloves)
MR       .....                  (no boots)
Stlth    ++........             (no amulet)
HPRegen  0.19/turn              t - ring of resist corrosion
MPRegen  0.14/turn              (no ring)

@: about to teleport, lightly drained
A: no striking features
a: no special abilities


You were on level 7 of the Dungeon.
You were not hungry.

You visited 1 branch of the dungeon, and saw 7 of its levels.

You collected 267 gold pieces.

Inventory:

Hand Weapons
 d - a +0 dagger
 g - a +3 dagger of venom (weapon)
Armour
 a - a +0 robe
 k - a +0 helmet (worn)
 o - a +0 robe of positive energy (worn)
Jewellery
 t - a ring of resist corrosion (left hand)
Wands
 p - a wand of random effects (27)
 w - a wand of iceblast (4)
Scrolls
 e - 3 scrolls of amnesia
 h - 2 scrolls of random uselessness
 j - a scroll of enchant weapon
 l - a scroll of identify
 m - 2 scrolls of magic mapping
 n - 2 scrolls of remove curse
 r - a scroll of blinking {unknown}
 y - a scroll of enchant armour {unknown}
Potions
 i - a potion of cancellation {unknown}
 u - 3 potions of brilliance {unknown}
 v - a potion of magic
Comestibles
 c - 3 rations


   Skills:
 - Level 1.5(1.3) Dodging
 - Level 1.5(1.3) Stealth
 + Level 4.6(4.3) Spellcasting
 + Level 5.7(5.4) Conjurations
 + Level 7.1(6.8) Fire Magic


You had 8 spell levels left.
You knew the following spells:

 Your Spells              Type           Power        Failure   Level  Hunger
a - Foxfire               Conj/Fire      ###.         1%          1    None
b - Inner Flame           Hex/Fire       ###.....     11%         3    ###....
c - Sticky Flame          Conj/Fire      ###.....     12%         4    ####...

Your spell library contained the following spells:

 Spells                   Type           Power        Failure   Level  Hunger
 Conjure Flame            Conj/Fire      ###.....     3%          3    ###....
 Fireball                 Conj/Fire      ###.......   34%         5    ######.
 Confusing Touch          Hex            #.......     41%         3    ###....
 Gell's Gravitas          Tloc           #.........   41%         3    ###....
 Petrify                  Tmut/Erth      #.......     83%         4    ####...
 Metabolic Englaciation   Hex/Ice        #.........   99%         5    ######.
 Yara's Violent Unravell  Hex/Tmut       #.........   99%         5    ######.


Dungeon Overview and Level Annotations

Branches:
Dungeon (7/15)             Temple (0/1) D:6

Altars:
Ashenzari
Cheibriados
Dithmenos
Elyvilon

Shops:
D:4 =

Annotations:
D:7 Menkaure


Message History

Pain shoots through your body!
* * * LOW HITPOINT WARNING * * *
You climb downwards.
Menkaure, Prince of Dust comes into view.
Menkaure shouts!
Found an inky potion.
There is a stone staircase leading up here.
A centaur comes into view.
The shadow imp hits you.
* * * LOW HITPOINT WARNING * * *
As you read the scroll of teleportation, it crumbles to dust.
You feel strangely unstable.
The centaur shouts!
The shadow imp barely misses you.
The centaur wields a +0 shortbow.
The centaur shoots an arrow.
The arrow barely misses you. The shadow imp closely misses you.
Menkaure gestures at you while chanting.
You struggle to resist.
The centaur shoots an arrow.
The arrow hits you!
You die...

#####.## .
....###
#.......#
#.....#.###
..#M......
#.....#
##....#
#@5<..#
#.#...##
###.### #.#
#.# ..# ..#
..c. ....


You could see Menkaure, a centaur and a shadow imp.

Vanquished Creatures
  An ice beast (D:5)
  A sky beast (D:6)
  A crocodile (D:4)
  A bullfrog (D:6)
  A scorpion (D:4)
  3 wights
  2 crimson imps (D:5)
  3 orc wizards
  2 hounds (D:5)
  2 jellies
  A centaur skeleton (D:4)
  3 orc priests
  A bullfrog skeleton (D:6)
  An iguana (D:4)
  2 worker ants (D:5)
  A hound skeleton (D:5)
  A howler monkey zombie (D:5)
  4 gnolls
  7 adders
  2 shadow imps (D:5)
  2 oozes
  4 worms
  4 dart slugs
  3 leopard geckos
  18 orcs
  2 ball pythons
  8 bats
  6 giant cockroaches (D:1)
  7 goblins
  4 hobgoblins
  9 jackals
  6 kobolds
  2 quokkas
  6 frilled lizards
  A leopard gecko skeleton (D:4)
  6 rats
128 creatures vanquished.

Vanquished Creatures (collateral kills)
  An orc (D:3)
  A ball python (D:3)
  A kobold (D:1)
  A rat (D:2)
4 creatures vanquished.

Vanquished Creatures (others)
  452 foxfires
452 creatures vanquished.

Grand Total: 584 creatures vanquished

Notes
Turn   | Place    | Note
-------+----------+-------------------------------------------
     0 | D:1      | Essalna the Hill Orc Fire Elementalist began the quest for
                  | the Orb.
     0 | D:1      | Reached XP level 1. HP: 14/14 MP: 3/3
   261 | D:1      | Reached XP level 2. HP: 20/20 MP: 0/4
   741 | D:1      | Reached XP level 3. HP: 25/26 MP: 4/6
  1367 | D:2      | Reached skill level 4 in Fire Magic
  1380 | D:2      | Reached XP level 4. HP: 22/33 MP: 0/7
  1949 | D:2      | Reached XP level 5. HP: 38/38 MP: 1/8
  2154 | D:2      | Found a snail-covered altar of Cheibriados.
  2335 | D:2      | Found a shadowy altar of Dithmenos.
  3167 | D:3      | Reached XP level 6. HP: 45/45 MP: 4/10
  3493 | D:4      | Reached skill level 5 in Fire Magic
  3907 | D:4      | Found a shattered altar of Ashenzari.
  4116 | D:4      | Found a white marble altar of Elyvilon.
  4316 | D:4      | Found Gymeduri's Jewellery Emporium.
  4414 | D:4      | Learned a level 3 spell: Inner Flame
  4419 | D:4      | Learned a level 4 spell: Sticky Flame
  4476 | D:5      | Entered Level 5 of the Dungeon
  4520 | D:5      | Reached XP level 7. HP: 43/50 MP: 9/12
  5167 | D:5      | Reached skill level 6 in Fire Magic
  5890 | D:5      | Reached XP level 8. HP: 57/57 MP: 10/14
  5894 | D:5      | Reached skill level 5 in Conjurations
  6507 | D:6      | Reached skill level 7 in Fire Magic
  6548 | D:6      | Found a staircase to the Ecumenical Temple.
  6571 | D:7      | Noticed Menkaure
  6576 | D:7      | Shot with an arrow by a centaur

Illustrated notes

Levels and vault maps discovered:
D:1:      eino_arrival_water_cross, layout_basic
D:2:      layout_rooms, lemuel_coloured_pillars_altar, kennysheep_slug_shrine
D:3:      layout_rooms, first_ration
D:4:      layout_cave_pools, kennysheep_mini_moat,
          ashenzari_conservatory_becter, serial_shops, kennysheep_little_box
D:5:      layout_loops_cross, st_stairs_3
D:6:      layout_basic, gammafunk_temple_overflow_elements,
          minmay_temple_entry_enclosed_plants, serial_shops, shop
D:7:      layout_loops_corners, uniq_prince_ribbit1, uniq_pikel, uniq_menkaure

Skill      XL: |  1  2  3  4  5  6  7  8 |
---------------+-------------------------+-----
Spellcasting   | 2 3 4 |  4.6
Conjurations   | 2 3 4 5 |  5.7
Fire Magic     | 4 5 6 7 |  7.1
Dodging        | |  1.5
Stealth        | |  1.5

Action                   |  1- 3 |  4- 6 |  7- 9 || total
-------------------------+-------+-------+-------++-------
Melee: Unarmed           |     9 |       |       ||     9
       Dagger            |    34 |    64 |    67 ||   165
 Cast: Foxfire           |    39 |   145 |   131 ||   315
  Use: Potion            |       |     5 |     3 ||     8
       Scroll            |       |       |    10 ||    10
 Stab: Sleeping          |     1 |       |       ||     1
  Eat: Chunk             |     2 |    10 |     4 ||    16
       Ration            |       |       |     1 ||     1
Armor: Robe              |     6 |    11 |    14 ||    31
Dodge: Dodged            |    31 |    38 |    42 ||   111

Table legend:
 A = Non-vault XP
 B = Vault XP
 C = Vault XP percentage of total XP
 D = Non-vault monster count
 E = Vault monster count
 F = Vault count percentage of total count
                 A         B        C        D         E       F
            +---------+---------+-------+---------+---------+-------
      Total |    1753 |      47 |   2.6 |     129 |       3 |   2.3
            +---------+---------+-------+---------+---------+-------
        D:1 |      64 |       0 |   0.0 |      24 |       0 |   0.0
        D:2 |     168 |       4 |   2.3 |      25 |       1 |   3.8
        D:3 |      84 |       0 |   0.0 |      23 |       0 |   0.0
        D:4 |     291 |       0 |   0.0 |      14 |       0 |   0.0
        D:5 |     691 |      43 |   5.9 |      29 |       2 |   6.5
        D:6 |     455 |       0 |   0.0 |      14 |       0 |   0.0
            +---------+---------+-------+---------+---------+-------
